 Dungeon Crawl Stone Soup version 0.20-a0-629-gc37eb77 (webtiles) character file.

6136 nubinia the Thaumaturge (level 10, 0/52 HPs)
             Began as a Deep Elf Air Elementalist on Feb 10, 2017.
             Was a Believer of Ashenzari.
             Shot with an arrow by a centaur warrior (26 damage)
             ... on level 9 of the Dungeon.
             The game lasted 00:50:50 (11224 turns).

nubinia the Thaumaturge (DEAE)                     Turns: 11224, Time: 00:50:50

Health: 0/52       AC:  8    Str:  5    XL:     10   Next: 59%
Magic:  24/27      EV: 14    Int: 22    God:    Ashenzari [**....]
Gold:   485        SH:  0    Dex: 17    Spells: 8/32 levels left

rFire    . . .     SeeInvis .   A - -1 dagger (curse)
rCold    . . .     Gourm    .   P - +2 robe {rN+}
rNeg     + . .     Faith    .   (no shield)
rPois    +         Spirit   .   H - +2 hat
rElec    .         Reflect  .   L - +0 cloak
rCorr    .         Harm     .   E - +0 pair of gloves
MR       +....                  (no boots)
Stlth    ++++......             p - amulet of rage
Regen    0.2/turn               u - ring of poison resistance (curse)
                                M - ring of wizardry (curse)

@: no status effects
A: no striking features
a: Curse Item, Scrying, Renounce Religion, Evoke Berserk Rage


You were on level 9 of the Dungeon.
You worshipped Ashenzari.
Ashenzari was pleased with you.
You were not hungry.

You visited 2 branches of the dungeon, and saw 10 of its levels.

You collected 529 gold pieces.
You spent 44 gold pieces at shops.

Inventory:

Hand Weapons
 f - a +0 short sword
 s - a +1 whip of electrocution
 v - a +1 short sword of venom
 A - a cursed -1 dagger (weapon)
 D - a +2 war axe of chopping
Armour
 E - a +0 pair of gloves (worn)
 H - a +2 hat (worn)
 L - a +0 cloak (worn)
 P - a +2 robe of positive energy (worn)
Jewellery
 i - an uncursed ring of protection from fire
 p - an amulet of rage (around neck)
 u - a cursed ring of poison resistance (right hand)
 z - a cursed -3 ring of dexterity
 M - a cursed ring of wizardry (left hand)
 O - an uncursed ring of fire
Wands
 w - a wand of polymorph (8/24)
 y - a wand of flame (40/48)
 F - a wand of flame (15/48)
 N - a wand of enslavement (13/24)
Scrolls
 k - a scroll of enchant armour
 l - 2 scrolls of magic mapping
 m - a scroll of fear
 o - a scroll of amnesia
 q - 3 scrolls of teleportation
 x - a scroll of enchant weapon
 G - a scroll of blinking
Potions
 d - a potion of might
 e - 2 potions of heal wounds
 g - a potion of brilliance
 h - 2 potions of curing
 j - a potion of magic
 B - 2 potions of lignification
 J - a potion of ambrosia
 K - a potion of mutation
Books
 b - a book of Air

   Spells                             Type                      Level
   a - Shock                          Conjuration/Air              1
   b - Swiftness                      Charms/Air                   2
   c - Static Discharge               Conjuration/Air              3
   d - Airstrike                      Air                          4
   e - Lightning Bolt                 Conjuration/Air              5
 n - a book of Flames

   Spells                             Type                      Level
   a - Flame Tongue                   Conjuration/Fire             1
   b - Throw Flame                    Conjuration/Fire             2
   c - Conjure Flame                  Conjuration/Fire             3
   d - Inner Flame                    Hexes/Fire                   3
   e - Sticky Flame                   Conjuration/Fire             4
   f - Fireball                       Conjuration/Fire             5
 I - a book of Clouds

   Spells                             Type                      Level
   a - Poisonous Vapours              Poison/Air                   2
   b - Mephitic Cloud                 Conjuration/Poison/Air       3
   c - Conjure Flame                  Conjuration/Fire             3
   d - Freezing Cloud                 Conjuration/Ice/Air          6
   e - Ring of Flames                 Charms/Fire                  7
Comestibles
 a - 2 chunks of flesh
 c - 5 bread rations
 r - 8 royal jellies
 t - 3 meat rations
 C - 6 fruits


   Skills:
 + Level 1.6 Fighting
 + Level 3.2(5.2) Short Blades
 + Level 4.2 Dodging
 + Level 7.1 Stealth
 + Level 11.7 Spellcasting
 + Level 7.4(8.9) Conjurations
 + Level 0.4(1.0) Charms
 + Level 9.2(10.6) Air Magic
 - Level 2.3(3.5) Poison Magic
 + Level 0.2(0.5) Evocations


You had 8 spell levels left.
You knew the following spells:

 Your Spells              Type           Power        Failure   Level  Hunger
a - Shock                 Conj/Air       ####         1%          1    None
b - Airstrike             Air            ######....   1%          4    None
c - Mephitic Cloud        Conj/Pois/Air  #####...     1%          3    None
d - Swiftness             Chrm/Air       #####...     1%          2    None
e - Lightning Bolt        Conj/Air       ######....   1%          5    ####...
f - Static Discharge      Conj/Air       ######..     1%          3    None
g - Sticky Flame          Conj/Fire      ####....     4%          4    None
h - Poisonous Vapours     Pois/Air       #####.       1%          2    None


Dungeon Overview and Level Annotations

Branches:
Dungeon (9/15)             Temple (1/1) D:5
   Lair: D:8-11         Orc: D:9-12

Altars:
Ashenzari
Cheibriados
Dithmenos
Elyvilon
Fedhas
Gozag
Hepliaklqana
Kikubaaqudgha
Makhleb
Nemelex Xobeh
Okawaru
Qazlal
Ru
Sif Muna
Trog
Uskayaw
Vehumet
Xom
Yredelemnul
Zin
The Shining One

Shops:
D:7 ?

Annotations:
D:3 nubinia's ghost, amateur DEAE
D:5 exclusion: troll
D:6 exclusion: player ghost, Voxish's ghost, novice DrAE


Message History

Confirm with . or Enter, or press ? or * to list all spells.
Aiming: Mephitic Cloud
Press: ? - help, Shift-Dir - straight line, f - centaur warrior
Aim: a centaur warrior, wielding a dagger (hasn't noticed you)
The ball explodes into a vile cloud!
The stinking cloud engulfs the centaur warrior.
The centaur warrior shouts!
You hear a screech!
The centaur warrior is engulfed in noxious fumes.
The centaur warrior unwields an uncursed dagger.
The centaur warrior wields a shortbow.
The centaur warrior shoots an arrow.
The arrow completely misses you.
The centaur warrior is engulfed in noxious fumes.
The centaur warrior shoots an arrow.
The arrow hits you!
The centaur warrior is engulfed in noxious fumes.
The centaur warrior shoots an arrow.
The arrow hits you!
There is an open door, spattered with blood here.
You see here an arrow.
The centaur warrior shoots an arrow.
The arrow hits you!!
Ouch! That really hurt!
You die...

#######[####.....##########.....#
....##.....#.....#...(..........'
...........).....#..............#
...........#.....#...(..........#
....##'#####.....#.......##.....#
...)#............#.......##.....#
#)###............#...............
....)............(...c§§.........
...............(@#(..§§§.##......
.................#...§.§.#*##*'**
.....######(.....#..(....#*,,,,,*
..[..# #..)...#........#,,,,,,
.....# #......#........#,,,,,*
.....# #......#.......##,,,,,*
###### #......#.......#*>,,,,'
#......#.........,,,,,*
########..s...####**,,*


You could see a centaur warrior.

Vanquished Creatures
  A two-headed ogre (D:8)
  A wolf spider (D:9)
  A cyclops (D:9)
  A spiny frog (D:6)
  3 hippogriffs
  A yak (D:7)
  A human (D:7)
  3 hogs (D:7)
  A hungry ghost (D:7)
  3 orc warriors
  3 sky beasts
  A necrophage (D:7)
  A centaur (D:9)
  4 ogres
  A big kobold (D:9)
  2 bullfrogs
  3 scorpions
  4 killer bees (D:9)
  6 howler monkeys
  2 crimson imps (D:7)
  A centaur zombie (D:8)
  A quasit (D:8)
  2 bullfrog zombies
  4 orc priests
  2 bullfrog skeletons
  4 hounds
  A centaur skeleton (D:6)
  5 iguanas
  10 orc wizards
  Natasha (thrice) (D:2)
  8 worker ants
  A killer bee zombie (D:9)
  A hound zombie (D:6)
  2 worker ant zombies (D:7)
  A gnoll (D:1)
  8 adders
  3 shadow imps
  2 oozes (D:3)
  2 worms (D:3)
  An adder skeleton (D:9)
  A dart slug (D:1)
  2 leopard geckos
  30 orcs
  A ball python (D:6)
  6 giant cockroaches
  7 goblins
  8 hobgoblins
  10 jackals
  5 quokkas
  9 bats
  8 frilled lizards
  7 kobolds
  4 quokka skeletons
  2 quokka zombies
  8 rats
213 creatures vanquished.

Notes
Turn   | Place    | Note
-------+----------+-------------------------------------------
     0 | D:1      | nubinia the Deep Elf Air Elementalist began the quest for the Orb.
     0 | D:1      | Reached XP level 1. HP: 10/10 MP: 6/6
   192 | D:1      | Reached XP level 2. HP: 15/15 MP: 6/8
   196 | D:1      | Learned a level 2 spell: Swiftness
   575 | D:1      | Reached XP level 3. HP: 19/19 MP: 2/10
   580 | D:1      | Learned a level 3 spell: Static Discharge
  1129 | D:2      | Noticed Natasha
  1136 | D:2      | Killed Natasha
  1136 | D:2      | Reached skill level 4 in Spellcasting
  1213 | D:2      | Noticed Natasha
  1216 | D:2      | Killed Natasha
  1216 | D:2      | Reached XP level 4. HP: 24/24 MP: 7/12
  1513 | D:2      | Learned a level 4 spell: Airstrike
  2140 | D:3      | Reached XP level 5. HP: 16/28 MP: 0/14
  2546 | D:3      | Reached skill level 1 in Short Blades
  2641 | D:3      | Reached skill level 5 in Spellcasting
  2669 | D:3      | Noticed nubinia's ghost (amateur DEAE)
  2746 | D:2      | Noticed Natasha
  2802 | D:2      | Killed Natasha
  3239 | D:3      | Found an opulent altar of Gozag.
  3746 | D:4      | Noticed an ogre
  3777 | D:4      | Reached XP level 6. HP: 32/32 MP: 13/16
  3787 | D:4      | Learned a level 5 spell: Lightning Bolt
  4311 | D:4      | Found an ancient bone altar of Kikubaaqudgha.
  4663 | D:4      | Reached skill level 5 in Air Magic
  4752 | D:4      | Reached skill level 6 in Spellcasting
  5006 | D:4      | Reached XP level 7. HP: 36/36 MP: 11/18
  5132 | D:5      | Entered Level 5 of the Dungeon
  5132 | D:5      | Found a white marble altar of Elyvilon.
  5960 | D:5      | Noticed a troll
  5998 | D:5      | Found a staircase to the Ecumenical Temple.
  6004 | Temple   | Entered the Ecumenical Temple
  6013 | Temple   | Became a worshipper of Ashenzari the Shackled
  6148 | D:5      | Reached XP level 8. HP: 36/42 MP: 5/20
  6460 | D:5      | Reached skill level 7 in Spellcasting
  6460 | D:5      | Reached skill level 5 in Conjurations
  6834 | D:6      | Noticed Voxish's ghost (novice DrAE)
  7200 | D:7      | You fall through a shaft for 2 floors!
  7418 | D:9      | Found a shadowy altar of Dithmenos.
  7421 | D:9      | Noticed a two-headed ogre
  7438 | D:9      | Noticed a queen bee
  7619 | D:9      | Learned a level 3 spell: Mephitic Cloud
  7733 | D:8      | Found a sparkling altar of Nemelex Xobeh.
  7733 | D:8      | Found a blossoming altar of Fedhas.
  7735 | D:8      | Found a hide-covered altar of Uskayaw.
  7944 | D:6      | Reached skill level 8 in Spellcasting
  8128 | D:6      | Noticed a spiny frog
  8128 | D:6      | a water moccasin changed into a spiny frog
  8309 | D:6      | Reached XP level 9. HP: 42/46 MP: 18/23
  8465 | D:6      | Found a deep blue altar of Sif Muna.
  8617 | D:6      | Killed a spiny frog
  8617 | D:6      | Reached skill level 1 in Fighting
  8617 | D:6      | Reached skill level 9 in Spellcasting
  9010 | D:7      | Reached * piety under Ashenzari
  9024 | D:7      | Reached skill level 10 in Spellcasting
  9111 | D:7      | Reached skill level 5 in Stealth
  9505 | D:7      | Reached skill level 1 in Poison Magic
 10072 | D:7      | Found Ryhoab's Magic Scroll Boutique.
 10079 | D:7      | Bought a scroll of identify for 22 gold pieces
 10079 | D:7      | Bought a scroll of identify for 22 gold pieces
 10110 | D:7      | Reached XP level 10. HP: 39/52 MP: 17/26
 10164 | D:7      | Learned a level 4 spell: Sticky Flame
 10219 | D:8      | Noticed a two-headed ogre
 10224 | D:8      | Learned a level 2 spell: Poisonous Vapours
 10242 | D:8      | Killed a two-headed ogre
 10242 | D:8      | Reached skill level 11 in Spellcasting
 10575 | D:8      | Reached ** piety under Ashenzari
 10727 | D:9      | Noticed a deep troll earth mage
 10822 | D:9      | Noticed an ogre mage
 10822 | D:9      | Noticed a wolf spider
 10886 | D:9      | Killed a wolf spider
 10894 | D:9      | Noticed a cyclops
 10910 | D:9      | Killed a cyclops
 11221 | D:9      | Noticed a centaur warrior
 11224 | D:9      | Shot with an arrow by a centaur warrior

Vault maps used:
D:1:      minmay_arrival_three_doors, moated_statue
D:2:      first_bread, uniq_natasha
D:3:      hangedman_feature_mirror, grunt_gozag_statues
D:4:      kiku_gazebo_pond_becter, grunt_tough_drop
D:5:      elyvilon_altar_5, minmay_temple_entry_enclosed_plants,
          minmay_small_thing
D:6:      kennysheep_orc_sif_temple, nrook_mini_vaults,
          kennysheep_generic_room_14
D:7:      serial_shops, shop, grunt_livestock
D:8:      gammafunk_temple_overflow_forgotten, st_stairs_8
D:9:      minmay_sliced_demisemicircle,
          nicolae_dithmenos_through_a_glass_darkly, special_room,
          minmay_three_doors
Temple:   nicolae_temple_no_exploring_needed

Skill      XL: |  1  2  3  4  5  6  7  8  9 10 |
---------------+-------------------------------+-----
Spellcasting   | 4 5 6 8 10 11 | 11.7
Air Magic      | 4 5 6 7 8 9 |  9.2
Conjurations   | 2 3 4 6 7 |  7.4
Short Blades   | 1 2 3 |  3.2
Stealth        | 3 4 5 7 |  7.1
Dodging        | 3 4 |  4.2
Fighting       | 1 |  1.6
Poison Magic   | 1 2 |  2.3
Charms         | |  0.4
Evocations     | |  0.2

Action                   |  1- 3 |  4- 6 |  7- 9 | 10-12 || total
-------------------------+-------+-------+-------+-------++-------
Melee: Short sword       |     8 |    21 |    17 |       ||    46
       Unarmed           |       |     2 |       |       ||     2
       Dagger            |       |       |    79 |    47 ||   126
 Cast: Shock             |    56 |   146 |   190 |    51 ||   443
       Static Discharge  |       |    13 |    21 |     1 ||    35
       Airstrike         |       |       |    28 |     3 ||    31
       Mephitic Cloud    |       |       |    15 |    12 ||    27
       Swiftness         |       |       |     1 |       ||     1
       Poisonous Vapours |       |       |       |    15 ||    15
Invok: Curse Item        |       |       |       |     2 ||     2
Evoke: Wand              |       |       |     1 |       ||     1
  Use: Scroll            |       |       |    16 |     1 ||    17
       Potion            |       |       |     4 |       ||     4
 Stab: Sleeping          |     2 |     2 |     4 |     3 ||    11
       Confused          |       |       |    16 |     4 ||    20
  Eat: Chunk             |     1 |    12 |    16 |     4 ||    33
       Fruit             |       |       |       |     1 ||     1
Armor: Robe              |       |     9 |    14 |     3 ||    26
Dodge: Dodged            |     4 |    26 |   102 |     8 ||   140
